 Dungeon Crawl Stone Soup version 0.29.1-12-g30fa7ad0bf (webtiles) character file.

Game seed: 13202575286142543748

68 mopl the Magician (level 4, -3/27 HPs)
             Began as an Octopode Hedge Wizard on Jan 1, 2023.
             Slain by a gnoll
             ... wielding a +0 flail
              (15 damage)
             ... on level 2 of the Dungeon.
             The game lasted 00:02:57 (2000 turns).

mopl the Magician (Octopode Hedge Wizard)           Turns: 2000, Time: 00:02:58

Health: -3/27      AC:  1    Str:  9    XL:     4   Next: 19%
Magic:  2/9        EV: 13    Int: 18    God:
Gold:   98         SH:  0    Dex: 11    Spells: 4/10 levels left

rFire   . . .      SeeInvis .   a - +0 dagger
rCold   . . .      Faith    .   (no shield)
rNeg    . . .      Spirit   .   b - +0 hat
rPois   +          Reflect  .   (no amulet)
rElec   .          Harm     .   d - ring of poison resistance
rCorr   .          Rampage  .   (no ring)
Will    .....                   (no ring)
Stlth   +++.......              (no ring)
HPRegen 0.09/turn               (no ring)
MPRegen 0.11/turn               (no ring)
                                (no ring)
                                (no ring)

@: no status effects
A: almost no armour, amphibious, 8 rings, camouflage 1, gelatinous body 1,
(nimble swimmer 1), tentacles
a: no special abilities


You were on level 2 of the Dungeon.
You visited 1 branch of the dungeon, and saw 2 of its levels.

You collected 98 gold pieces.

Inventory:

Hand Weapons
 a - a +0 dagger (weapon)
Armour
 b - a +0 hat (worn)
Jewellery
 d - a ring of poison resistance (left tentacle)
Scrolls
 f - a scroll of torment {unknown}
 g - a scroll of immolation {unknown}
 i - a scroll of teleportation {unknown}
 j - a scroll of magic mapping {unknown}
 k - a scroll of silence {unknown}
Potions
 c - a potion of magic
 e - 3 potions of heal wounds {unknown}
 h - 2 potions of mutation {unknown}
 l - a potion of flight {unknown}
 m - 2 potions of cancellation {unknown}


   Skills:
 - Level 2.0 Dodging
 - Level 2.6 Stealth
 + Level 3.6 Spellcasting
 + Level 2.3 Conjurations
 - Level 1.0 Summonings
 + Level 1.8 Translocations
 + Level 0.4 Air Magic
 + Level 0.8 Poison Magic


You had 4 spell levels left.
You knew the following spells:

 Your Spells              Type           Power      Damage    Failure   Level
a - Magic Dart            Conj           44%        1d5       6%          1
c - Mephitic Cloud        Conj/Pois/Air  7%         N/A       28%         3
e - Blink                 Tloc           20%        N/A       11%         2

Your spell library contained the following spells:

 Spells                   Type           Power      Damage    Failure   Level
 Slow                     Hex            12%        N/A       16%         1
 Call Imp                 Summ           6%         N/A       16%         2
 Conjure Flame            Conj/Fire      7%         6-21      28%         3
 Tukima's Dance           Hex            3%         N/A       43%         3
 Passage of Golubria      Tloc           10%        N/A       56%         4
 Yara's Violent Unravell  Hex/Tmut       1%         3d3       99%         5


Dungeon Overview and Level Annotations

Branches:
Dungeon (2/15)

Altars:


Innate Abilities, Weirdness & Mutations

You cannot wear most types of armour.
You are amphibious.
You can wear up to eight rings at the same time.
Your skin changes colour to match your surroundings (Stealth+).
Your rubbery body absorbs attacks. (AC +1, EV +1)
((You are camouflaged when in or above water. (Stealth+)))
You have tentacles for arms and can constrict up to eight enemies at once.


Message History

The gnoll hits you with a +0 club!
You hit the gnoll. You grab the gnoll.
You squeeze the gnoll, but do no damage.
The gnoll is heavily wounded.
You constrict the gnoll, but do no damage.
The gnoll barely misses you.
You hit the gnoll.
The gnoll is heavily wounded.
You constrict the gnoll. The gnoll hits you with a +0 club.
You are too injured to fight recklessly!
You are too injured to fight recklessly!
You hit the gnoll. You squeeze the gnoll.
You kill the gnoll!
You have reached level 4!
You start resting.
A gnoll comes into view. It is wielding a +0 flail.
The magic dart hits the gnoll but does no damage.
The gnoll shouts!
The magic dart hits the gnoll.
The gnoll is lightly wounded.
A gnoll comes into view. It is wielding a +0 flail.
The magic dart hits the gnoll.
The gnoll is heavily wounded.
The gnoll shouts!
The magic dart hits the gnoll.
The gnoll is almost dead.
The magic dart hits the gnoll but does no damage.
The gnoll is almost dead.
The magic dart hits the gnoll but does no damage.
The gnoll is almost dead.
You barely miss the gnoll. Your grab misses the gnoll.
Your squeeze misses the gnoll.
The gnoll is almost dead.
The gnoll hits you with a +0 flail.
You hit the gnoll but do no damage. You grab the gnoll. You squeeze the gnoll.
You kill the gnoll!
Really wriggle into that teleport trap?
The gnoll attacks as you move away! The gnoll hits you with a +0 flail!
Ouch! That really hurt!
You die...

######.####
#............
#.........#
#............
#.......#.#
#............
#.......#.#
#.......#####
#.......#.#
####..###
#.......#.#
##...#
#.....)(#.####
###.#
#.......#....#
#.##
#.......'g@^.#
#..##
#.......#....#
##..#
##.######....#
##.# #)#
###### #.# #.#
#.# #g# #.#
#.# #.### #..
### #.##. #...
..# #.##.


You could see a gnoll.

Vanquished Creatures
  3 gnolls (D:2)
  A worm (D:2)
  3 dart slugs (D:1)
  An orc (D:2)
  An endoplasm (D:2)
  2 giant cockroaches
  2 goblins
  A hobgoblin (D:2)
  3 jackals (D:1)
  2 kobolds
  3 quokkas
  2 ball pythons
  4 bats
  A frilled lizard (D:1)
  A rat (D:1)
30 creatures vanquished.

Notes
Turn   | Place    | Note
-------+----------+-------------------------------------------
     0 | D:1      | mopl the Octopode Hedge Wizard began the quest for the Orb.
     0 | D:1      | Reached XP level 1. HP: 11/11 MP: 4/4
   353 | D:1      | Reached XP level 2. HP: 17/17 MP: 6/6
   396 | D:1      | Learned a level 2 spell: Blink
   986 | D:1      | Reached XP level 3. HP: 21/21 MP: 7/7
  1051 | D:2      | Found a faded altar of an unknown god.
  1079 | D:2      | Reached skill level 2 in Conjurations
  1909 | D:2      | Learned a level 3 spell: Mephitic Cloud
  1944 | D:2      | Reached XP level 4. HP: 9/27 MP: 2/9
  2000 | D:2      | Slain by a gnoll

Illustrated notes

Levels and vault maps discovered:
D:1:      sevenhm_arrival_forest_fort_large_2, layout_basic,
          kennysheep_minor_cross, chequers_jeans, minmay_pentomino_x4
D:2:      layout_basic, hellmonk_ecumenical_altar_arch_garden

Skill      XL: |  1  2  3 |
---------------+----------+-----
Conjurations   | 2 |  2.3
Dodging        | |  2.0
Stealth        | |  2.6
Spellcasting   | |  3.6
Summonings     | |  1.0
Translocations | |  1.8
Air Magic      | |  0.4
Poison Magic   | |  0.8

Action                   |  1- 3 |  4- 6 || total
-------------------------+-------+-------++-------
Melee: Dagger            |    54 |     2 ||    56
       Constrict         |    14 |     1 ||    15
       Tentacles         |    13 |     1 ||    14
 Cast: Magic Dart        |    44 |     6 ||    50
 Stab: Sleeping          |     5 |       ||     5
Armor: Skin              |     3 |       ||     3
Dodge: Dodged            |    42 |       ||    42
